| TOP OF THE 1ST |
|
Memphis Redbirds batting - Pitching for Louisville Bats : RHP Matt Moffat
|
|
Pitching: RHP Matt Moffat
|
|
|
Batting: LHB Tsutomu Miyahara
|
0-0: Ball 1-0: Ball 2-0: Called Strike 2-1: Ground out U3 (Groundball, 3L, EV 100.6 MPH)
|
|
Batting: RHB Andres Mendiola
|
0-0: Foul Ball, location: 2F 0-1: Foul Ball, location: 2F 0-2: Strikes out swinging
|
|
Batting: SHB Gerardo Macias
|
0-0: Fly out, F7 (Line Drive, 78M, EV 100.0 MPH)
|
| Top of the 1st over - 0 runs, 0 hits, 0 errors, 0 left on base; Memphis 0 - Louisville 0 |
| BOTTOM OF THE 1ST |
|
Louisville Bats batting - Pitching for Memphis Redbirds : RHP Nick Mistretta
|
|
Pitching: RHP Nick Mistretta
|
|
|
Batting: RHB Won-jun Park
|
0-0: Called Strike 0-1: Ball 1-1: Swinging Strike 1-2: Ball 2-2: Foul Ball, location: 2F 2-2: Ball 3-2: Base on Balls
|
|
Batting: SHB Freddie Farrar
|
0-0: Called Strike 0-1: Swinging Strike 0-2: Fielders Choice at 2nd, 4-6 (Groundball, 4, EV 81.9 MPH)
|
|
Batting: RHB Juan Reyes
|
0-0: Foul Ball, location: 2F 0-1: Ball 1-1: Called Strike Freddie Farrar is caught stealing 2nd base 2-4 1-2: Ball 2-2: Strikes out swinging
|
| Bottom of the 1st over - 0 runs, 0 hits, 0 errors, 0 left on base; Memphis 0 - Louisville 0 |
| TOP OF THE 2ND |
|
Memphis Redbirds batting - Pitching for Louisville Bats : RHP Matt Moffat
|
|
Batting: RHB Tyler Walker
|
0-0: Called Strike 0-1: Foul Ball, location: 2F 0-2: Ball 1-2: Ball 2-2: Ball 3-2: Foul Ball, location: 2F 3-2: Ground out 5-3 (Groundball, 5D, EV 81.9 MPH)
|
|
Batting: LHB Sam Britt
|
0-0: Foul Ball, location: 2F 0-1: Called Strike 0-2: Ball 1-2: SINGLE (Groundball, 4, EV 95.6 MPH)
|
|
Batting: RHB Dan Boykins
|
0-0: Ball 1-0: Ball 2-0: Ball 3-0: Called Strike 3-1: 2-RUN HOME RUN (Flyball, 7D, EV 96.9 MPH), Distance : 355 ft
|
|
Batting: LHB Adam Eisen
|
0-0: Called Strike 0-1: Foul Ball, location: 2F 0-2: Strikes out swinging, 2-3 out at first.
|
|
Batting: RHB Fabrice Bertin
|
0-0: Ball 1-0: Called Strike 1-1: Ball 2-1: Fly out, F7 (Flyball, 7LMF, EV 107.5 MPH)
|
| Top of the 2nd over - 2 runs, 2 hits, 0 errors, 0 left on base; Memphis 2 - Louisville 0 |
| BOTTOM OF THE 2ND |
|
Louisville Bats batting - Pitching for Memphis Redbirds : RHP Nick Mistretta
|
|
Batting: LHB Jared Paige
|
0-0: Ball 1-0: Ball 2-0: Fly out, F8 (Flyball, 8RD, EV 97.5 MPH)
|
|
Batting: RHB Takanibu Kaneshiro
|
0-0: Ball 1-0: Swinging Strike 1-1: Ball 2-1: Ball 3-1: DOUBLE (Line Drive, 7LS, EV 90.6 MPH)
|
|
Batting: LHB Leo Gomez
|
0-0: Ball 1-0: Ground out U3 (Groundball, 3, EV 90.0 MPH) Takanibu Kaneshiro to third
|
|
Batting: RHB Danny Real
|
0-0: Ball 1-0: Ball 2-0: Ball 3-0: Base on Balls
|
|
Batting: LHB Ray Walden
|
0-0: Ball 1-0: Ball 2-0: Ball 3-0: Called Strike 3-1: Base on Balls Danny Real to second
|
|
Batting: RHB Ben Hinman
|
0-0: Called Strike 0-1: Called Strike 0-2: Fly out, F9 (Flyball, 9S, EV 88.1 MPH)
|
| Bottom of the 2nd over - 0 runs, 1 hit, 0 errors, 3 left on base; Memphis 2 - Louisville 0 |
| TOP OF THE 3RD |
|
Memphis Redbirds batting - Pitching for Louisville Bats : RHP Matt Moffat
|
|
Batting: RHB Josh Martin
|
0-0: Called Strike 0-1: Fly out, F7 (Flyball, 7, EV 88.1 MPH)
|
|
Batting: LHB Tsutomu Miyahara
|
0-0: Ball 1-0: Ball 2-0: Ball 3-0: Base on Balls
|
|
Batting: RHB Andres Mendiola
|
0-0: Called Strike 0-1: Ball 1-1: Called Strike Tsutomu Miyahara is caught stealing 2nd base 2-4 1-2: Strikes out swinging
|
| Top of the 3rd over - 0 runs, 0 hits, 0 errors, 0 left on base; Memphis 2 - Louisville 0 |
| BOTTOM OF THE 3RD |
|
Louisville Bats batting - Pitching for Memphis Redbirds : RHP Nick Mistretta
|
|
Batting: RHB Won-jun Park
|
0-0: Called Strike 0-1: Fly out, F7 (Line Drive, 78M, EV 103.1 MPH)
|
|
Batting: SHB Freddie Farrar
|
0-0: Ball 1-0: Swinging Strike 1-1: DOUBLE (Groundball, 3L, EV 108.1 MPH)
|
|
Batting: RHB Juan Reyes
|
0-0: Called Strike 0-1: Foul Ball, location: 2F 0-2: Ball 1-2: Ball 2-2: Foul Ball, location: 2F 2-2: Foul Ball, location: 2F 2-2: Ball 3-2: Foul Ball, location: 2F 3-2: Strikes out looking
|
|
Batting: LHB Jared Paige
|
0-0: 2-RUN HOME RUN (Line Drive, 7LD, EV 95.0 MPH), Distance : 344 ft
|
|
Batting: RHB Takanibu Kaneshiro
|
0-0: Called Strike 0-1: Called Strike 0-2: Ball 1-2: Ball 2-2: Strikes out looking
|
| Bottom of the 3rd over - 2 runs, 2 hits, 0 errors, 0 left on base; Memphis 2 - Louisville 2 |
| TOP OF THE 4TH |
|
Memphis Redbirds batting - Pitching for Louisville Bats : RHP Matt Moffat
|
|
Batting: SHB Gerardo Macias
|
0-0: DOUBLE (Flyball, 8RXD, EV 105.0 MPH)
|
|
Batting: RHB Tyler Walker
|
0-0: Foul Ball, location: 2F 0-1: Ball 1-1: Fly out, F7 (Flyball, 7S, EV 93.8 MPH)
|
|
Batting: LHB Sam Britt
|
0-0: Called Strike 0-1: Ball 1-1: Foul Ball, location: 2F 1-2: Ball 2-2: Foul Ball, location: 2F 2-2: Strikes out looking
|
|
Batting: RHB Dan Boykins
|
0-0: Called Strike 0-1: Foul Ball, location: 2F 0-2: Foul Ball, location: 2F 0-2: Ball 1-2: Foul Ball, location: 2F 1-2: SINGLE (Flyball, 8RS, EV 93.8 MPH) Gerardo Macias to third Runner from 3rd tries for Home, throw by CF and OUT! 8-2
|
| Top of the 4th over - 0 runs, 2 hits, 0 errors, 1 left on base; Memphis 2 - Louisville 2 |
| BOTTOM OF THE 4TH |
|
Louisville Bats batting - Pitching for Memphis Redbirds : RHP Nick Mistretta
|
|
Batting: LHB Leo Gomez
|
0-0: Called Strike 0-1: Ball 1-1: Fly out, F4 (Flyball, 34D, EV 88.1 MPH)
|
|
Batting: RHB Danny Real
|
0-0: Ball 1-0: Ball 2-0: Called Strike 2-1: Foul Ball, location: 2F 2-2: Reached on error, E5 (Groundball, 56, EV 86.9 MPH)
|
|
Batting: LHB Ray Walden
|
0-0: Called Strike 0-1: Swinging Strike 0-2: Strikes out swinging
|
|
Batting: RHB Ben Hinman
|
0-0: Ball 1-0: Ball 2-0: SINGLE (Groundball, 6MD, EV 95.6 MPH) Danny Real to third Runner from 3rd tries for Home, throw by CF and OUT! 8-2
|
| Bottom of the 4th over - 0 runs, 1 hit, 1 error, 1 left on base; Memphis 2 - Louisville 2 |
| TOP OF THE 5TH |
|
Memphis Redbirds batting - Pitching for Louisville Bats : RHP Matt Moffat
|
|
Batting: LHB Adam Eisen
|
0-0: Ball 1-0: Fly out, F8 (Flyball, 8LD, EV 96.2 MPH)
|
|
Batting: RHB Fabrice Bertin
|
0-0: Foul Ball, location: 2F 0-1: Foul Ball, location: 2F 0-2: Foul Ball, location: 2F 0-2: Ball 1-2: Fly out, F8 (Flyball, 8LD, EV 94.4 MPH)
|
|
Batting: RHB Josh Martin
|
0-0: Ball 1-0: Called Strike 1-1: Swinging Strike 1-2: Foul Ball, location: 2F 1-2: Strikes out looking
|
| Top of the 5th over - 0 runs, 0 hits, 0 errors, 0 left on base; Memphis 2 - Louisville 2 |
| BOTTOM OF THE 5TH |
|
Louisville Bats batting - Pitching for Memphis Redbirds : RHP Nick Mistretta
|
|
Batting: RHB Won-jun Park
|
0-0: Foul Ball, location: 2F 0-1: SINGLE (Groundball, 6M, EV 102.5 MPH) (infield hit)
|
|
Batting: SHB Freddie Farrar
|
0-0: Foul Ball, location: 2F 0-1: Ball 1-1: Foul Ball, location: 2F 1-2: Strikes out swinging
|
|
Batting: RHB Juan Reyes
|
0-0: Called Strike 0-1: Foul Ball, location: 2F 0-2: Fly out, F3 (Popup, 3S, EV 78.1 MPH)
|
|
Batting: LHB Jared Paige
|
0-0: Called Strike 0-1: Ball 1-1: Ball 2-1: Ball 3-1: Base on Balls Won-jun Park to second
|
|
Pitching: RHP Sean Hartgrove
|
|
|
Batting: RHB Takanibu Kaneshiro
|
0-0: Foul Ball, location: 2F 0-1: Ball 1-1: Called Strike 1-2: Ball 2-2: Foul Ball, location: 2F 2-2: Foul Ball, location: 2F 2-2: Foul Ball, location: 2F 2-2: Ball 3-2: Base on Balls Won-jun Park to third Jared Paige to second
|
|
Batting: LHB Leo Gomez
|
0-0: Ball 1-0: Ball 2-0: Ball 3-0: Called Strike 3-1: Foul Ball, location: 2F 3-2: Foul Ball, location: 2F 3-2: Foul Ball, location: 2F 3-2: Foul Ball, location: 2F 3-2: Strikes out swinging
|
| Bottom of the 5th over - 0 runs, 1 hit, 0 errors, 3 left on base; Memphis 2 - Louisville 2 |
| TOP OF THE 6TH |
|
Memphis Redbirds batting - Pitching for Louisville Bats : RHP Matt Moffat
|
|
Batting: LHB Tsutomu Miyahara
|
0-0: Swinging Strike 0-1: Swinging Strike 0-2: Strikes out swinging
|
|
Batting: RHB Andres Mendiola
|
0-0: Swinging Strike 0-1: Swinging Strike 0-2: Foul Ball, location: 2F 0-2: Strikes out looking
|
|
Batting: SHB Gerardo Macias
|
0-0: Ball 1-0: Fly out, F7 (Flyball, 7, EV 94.4 MPH)
|
| Top of the 6th over - 0 runs, 0 hits, 0 errors, 0 left on base; Memphis 2 - Louisville 2 |
| BOTTOM OF THE 6TH |
|
Louisville Bats batting - Pitching for Memphis Redbirds : RHP Sean Hartgrove
|
|
Batting: RHB Danny Real
|
0-0: Ball 1-0: Ground out 6-3 (Groundball, 6, EV 78.1 MPH)
|
|
Batting: LHB Ray Walden
|
0-0: Ball 1-0: Ball 2-0: Called Strike 2-1: SINGLE (Groundball, 34D, EV 94.4 MPH)
|
|
Batting: RHB Ben Hinman
|
0-0: Called Strike 0-1: Ball 1-1: Ball 2-1: Fly out, F4 (Popup, 4, EV 65.0 MPH)
|
|
Batting: RHB Won-jun Park
|
0-0: Foul Ball, location: 2F 0-1: Ball 1-1: Called Strike 1-2: Foul Ball, location: 2F 1-2: Ball 2-2: Strikes out swinging
|
| Bottom of the 6th over - 0 runs, 1 hit, 0 errors, 1 left on base; Memphis 2 - Louisville 2 |
| TOP OF THE 7TH |
|
Memphis Redbirds batting - Pitching for Louisville Bats : RHP Matt Moffat
|
|
Batting: RHB Tyler Walker
|
0-0: Ball 1-0: Swinging Strike 1-1: Foul Ball, location: 2F 1-2: Foul Ball, location: 2F 1-2: Ball 2-2: Foul Ball, location: 2F 2-2: Fly out, F8 (Flyball, 89D, EV 99.4 MPH)
|
|
Batting: LHB Sam Britt
|
0-0: Called Strike 0-1: Ball 1-1: Ball 2-1: SINGLE (Groundball, 4D, EV 106.2 MPH)
|
|
Batting: RHB Dan Boykins
|
0-0: SINGLE (Groundball, 6MD, EV 98.1 MPH) Sam Britt to second
|
|
Batting: LHB Adam Eisen
|
0-0: Ball 1-0: Ball 2-0: Called Strike 2-1: Swinging Strike 2-2: Foul Ball, location: 2F 2-2: Strikes out swinging
|
|
Pitching: RHP Giovonni Morgia
|
|
|
Batting: RHB Fabrice Bertin
|
0-0: Fly out, F7 (Flyball, 7, EV 95.0 MPH)
|
| Top of the 7th over - 0 runs, 2 hits, 0 errors, 2 left on base; Memphis 2 - Louisville 2 |
| BOTTOM OF THE 7TH |
|
Louisville Bats batting - Pitching for Memphis Redbirds : RHP Sean Hartgrove
|
|
Pitching: RHP Doug Nickey
|
|
|
Batting: SHB Freddie Farrar
|
0-0: Ball 1-0: Ball 2-0: Called Strike 2-1: SOLO HOME RUN (Line Drive, 9D, EV 96.2 MPH), Distance : 384 ft
|
|
Batting: RHB Juan Reyes
|
0-0: Called Strike 0-1: Foul Ball, location: 2F 0-2: Ball 1-2: Fly out, F8 (Flyball, 8RM, EV 88.1 MPH)
|
|
Batting: LHB Jared Paige
|
0-0: Foul Ball, location: 2F 0-1: Swinging Strike 0-2: Strikes out swinging
|
|
Batting: RHB Takanibu Kaneshiro
|
0-0: Ball 1-0: Ball 2-0: Foul Ball, location: 2F 2-1: Called Strike 2-2: SINGLE (Groundball, 25, EV 70.0 MPH) (infield hit)
|
|
Batting: LHB Leo Gomez
|
0-0: Foul Ball, location: 2F 0-1: Ball 1-1: Called Strike Takanibu Kaneshiro is caught stealing 2nd base 2-6
|
| Bottom of the 7th over - 1 run, 2 hits, 0 errors, 0 left on base; Memphis 2 - Louisville 3 |
| TOP OF THE 8TH |
|
Memphis Redbirds batting - Pitching for Louisville Bats : RHP Giovonni Morgia
|
|
Batting: RHB Josh Martin
|
0-0: Ball 1-0: Ball 2-0: Foul Ball, location: 2F 2-1: Called Strike 2-2: Ball 3-2: Fly out, F9 (Flyball, 9, EV 86.9 MPH)
|
|
Batting: LHB Tsutomu Miyahara
|
0-0: Ball 1-0: Called Strike 1-1: Ball 2-1: Ball 3-1: Called Strike 3-2: Ground out 6-3 (Groundball, 6, EV 83.8 MPH)
|
|
Batting: RHB Andres Mendiola
|
0-0: Ball 1-0: Foul Ball, location: 2F 1-1: Foul Ball, location: 2F 1-2: Foul Ball, location: 2F 1-2: Foul Ball, location: 2F 1-2: Fly out, F8 (Flyball, 8RM, EV 91.9 MPH)
|
| Top of the 8th over - 0 runs, 0 hits, 0 errors, 0 left on base; Memphis 2 - Louisville 3 |
| BOTTOM OF THE 8TH |
|
Louisville Bats batting - Pitching for Memphis Redbirds : RHP Doug Nickey
|
|
Batting: LHB Leo Gomez
|
0-0: Ground out 4-3 (Groundball, 4, EV 100.6 MPH)
|
|
Batting: RHB Danny Real
|
0-0: SINGLE (Groundball, 4, EV 95.0 MPH)
|
|
Batting: LHB Ray Walden
|
0-0: Called Strike 0-1: Ball 1-1: Called Strike 1-2: Strikes out swinging
|
|
Batting: RHB Ben Hinman
|
0-0: Ball 1-0: Ball 2-0: Called Strike Danny Real steals 2nd base 2-1: Ball 3-1: Foul Ball, location: 2F 3-2: Fly out, F8 (Flyball, 8LXD, EV 108.8 MPH)
|
| Bottom of the 8th over - 0 runs, 1 hit, 0 errors, 1 left on base; Memphis 2 - Louisville 3 |
| TOP OF THE 9TH |
|
Memphis Redbirds batting - Pitching for Louisville Bats : RHP Giovonni Morgia
|
|
Pitching: RHP Tim Bant
|
|
|
Batting: SHB Gerardo Macias
|
0-0: Ball 1-0: Foul Ball, location: 2F 1-1: Fly out, F4 (Popup, 4, EV 71.2 MPH)
|
|
Batting: RHB Tyler Walker
|
0-0: Ball 1-0: Called Strike 1-1: Ball 2-1: Foul Ball, location: 2F 2-2: Ball 3-2: Foul Ball, location: 2F 3-2: Foul Ball, location: 2F 3-2: Fly out, F7 (Flyball, 78S, EV 78.1 MPH)
|
|
Batting: LHB Sam Britt
|
0-0: Ball 1-0: Foul Ball, location: 2F 1-1: Ball 2-1: Ball 3-1: Called Strike 3-2: Ground out 4-3 (Groundball, 4, EV 100.0 MPH)
|
| Top of the 9th over - 0 runs, 0 hits, 0 errors, 0 left on base; Memphis 2 - Louisville 3 |
|